 Dungeon Sprint DCSS version 0.22-a0-480-g991dd4b (webtiles) character file.

343876 raistware the Conqueror (level 20, -4/256 HPs)
             Began as an Ogre Fighter on June 16, 2018.
             Was the Champion of the Shining One.
             Killed from afar by a Hell Sentinel (28 damage)
             ... with damnation
             ... in the Dungeon (Sprint IX: "|||||||||||||||||||||||||||||").
             The game lasted 01:37:02 (10586 turns).

raistware the Conqueror (Ogre Fighter)             Turns: 10586, Time: 01:37:02

Health: -4/256     AC: 40    Str: 31    XL:     20   Next: 65%
Magic:  32/38      EV: 18    Int: 12    God:    the Shining One [******]
Gold:   866        SH: 29    Dex:  8    Spells: 47/48 levels left

rFire    + . .     SeeInvis +   U - +9 sacred scourge (holy)
rCold    + . .     Gourm    .   u - +5 large shield
rNeg     + + +     Faith    .   V - +11 gold dragon scales
rPois    +         Spirit   .   b - +2 hat {SInv}
rElec    .         Reflect  .   x - +2 cloak
rCorr    .         Harm     .   (gloves unavailable)
MR       ++...     NoTele   +   (boots unavailable)
Stlth    ..........             (no amulet)
HPRegen  0.52/turn              c - +4 ring of evasion
MPRegen  0.26/turn              T - ring "Feohiheo" {AC+3 Int+3}

@: glowing
A: large, unfitting armour, deformed body, deterioration 1, screaming 1, tough
skin 1, subdued magic 1
0: Orb of Zot
}: 5/15 runes: decaying, serpentine, barnacled, silver, gossamer
a: Divine Shield, Cleansing Flame, Summon Divine Warrior, Renounce Religion


You were in the Dungeon.
You worshipped the Shining One.
The Shining One was exalted by your worship.
You were hungry.

You visited 1 branch You collected 1956 gold pieces.
You spent 1090 gold pieces at shops.

Inventory:

Hand Weapons
 v - a +2 scimitar of flaming
 A - the +7 flail of Nopnuchu {flame, rPois rC+}
   (You found it in the Dungeon)

   It has been specially enchanted to burn those struck by it, causing extra
   injury to most foes and up to half again as much damage against particularly
   susceptible opponents.
   It protects you from cold.
   It protects you from poison.
 C - a +5 great mace
 U - a +9 sacred scourge of holy wrath (weapon)
Missiles
 K - 15 silver javelins (quivered)
Armour
 a - +1 pearl dragon scales
 b - a +2 hat of see invisible (worn)
 l - a +0 troll leather armour
 u - a +5 large shield (worn)
 x - a +2 cloak (worn)
 E - a +0 shield
 P - a +0 cloak of invisibility
 V - +11 gold dragon scales (worn)
Jewellery
 c - a +4 ring of evasion (left hand)
 r - a +6 ring of strength
 s - a +2 ring of protection
 y - an uncursed ring of protection from fire
 z - an uncursed ring of protection from cold
 G - a +6 ring of dexterity
 I - the amulet "Tiyhuren" {Harm *Drain Dex+5}
   (You found it in the Dungeon)

   [amulet of harm]

   It increases damage dealt and taken.
   It affects your dexterity (+5).
   It causes draining when unequipped.
 L - an uncursed ring of protection from fire
 Q - the ring of Joeweidu {rC+ MR+ SInv}
   (You found it in the Dungeon)

   [ring of protection from magic]

   It protects you from cold.
   It affects your resistance to hostile enchantments.
   It lets you see invisible.
 R - the ring of Wiecsucw {Wiz +Blink rElec rPois}
   (You found it in the Dungeon)

   [ring of wizardry]

   It improves your spell success rate.
   It insulates you from electricity.
   It protects you from poison.
   It lets you blink.
 S - the ring "Axaubbuu" {rPois rN+ Str+3 Stlth+}
   (You found it in the Dungeon)

   [ring of poison resistance]

   It affects your strength (+3).
   It protects you from poison.
   It protects you from negative energy.
   It makes you more stealthy.
 T - the ring "Feohiheo" (right hand) {AC+3 Int+3}
   (You found it in the Dungeon)

   [ring of protection]

   It affects your AC (+3).
   It affects your intelligence (+3).
Scrolls
 k - 5 scrolls of blinking
 m - 10 scrolls of remove curse
 n - 2 scrolls of amnesia
 o - 2 scrolls of fear
 t - 3 scrolls of enchant weapon
 B - a scroll of fog
Potions
 d - 3 potions of might
 i - a potion of magic
 j - 3 potions of haste
 q - a potion of brilliance
 w - 2 potions of lignification
Miscellaneous
 N - a lightning rod (4/4)
 O - a lightning rod (4/4)
Comestibles
 f - 3 rations
 g - 4 chunks of flesh


   Skills:
 O Level 27 Fighting
 + Level 22.4 Maces & Flails
 - Level 20.8 Throwing
 + Level 24.7 Armour
 O Level 27 Dodging
 + Level 9.2 Stealth
 + Level 21.1 Shields
 + Level 14.9 Spellcasting
 - Level 10.0 Summonings
 + Level 25.5 Invocations
 + Level 11.0 Evocations


You had 47 spell levels left.
You knew the following spells:

 Your Spells              Type           Power        Failure   Level  Hunger
a - Summon Butterflies    Summ           ####....     1%          1    None

Your spell library contained the following spells:

 Spells                   Type           Power        Failure   Level  Hunger
 Apportation              Tloc           #.....       36%         1    None
 Conjure Flame            Conj/Fire      #.......     77%         3    None
 Lightning Bolt           Conj/Air       #.........   100%        5    #####..
 Invisibility             Hex            #.......     100%        6    ######.
 Freezing Cloud           Conj/Ice/Air   #.........   100%        6    ######.
 Mephitic Cloud           Conj/Pois/Air  #.......     77%         3    None
 Ring of Flames           Chrm/Fire      #.........   100%        7    #######
 Tukima's Dance           Hex            #.......     77%         3    None
 Stone Arrow              Conj/Erth      #.....       77%         3    None
 Shock                    Conj/Air       #...         36%         1    None
 Swiftness                Chrm/Air       #.......     52%         2    None
 Airstrike                Air            #.........   99%         4    ###....
 Passwall                 Tmut/Erth      #.......     52%         2    None
 Static Discharge         Conj/Air       #.......     77%         3    None
 Alistair's Intoxication  Tmut/Pois      #.......     100%        5    #####..
 Lee's Rapid Deconstruct  Erth           #.........   100%        5    #####..
 Sandblast                Erth           #.....       36%         1    None
 Petrify                  Tmut/Erth      #.......     99%         4    ###....
 Lesser Beckoning         Tloc           #.........   77%         3    None
 Poisonous Vapours        Pois/Air       #.....       52%         2    None


Dungeon Overview and Level Annotations

Branches:
Dungeon (1/1)

Altars:
Cheibriados
Dithmenos
Elyvilon
Fedhas
Gozag
Hepliaklqana
Kikubaaqudgha
Makhleb
Nemelex Xobeh
Okawaru
Qazlal
Ru
Sif Muna
Trog
Uskayaw
Vehumet
Wu Jian
Xom
Yredelemnul
Zin
The Shining One
Beogh
Jiyva
Lugonu

Shops:
D %:!}


Innate Abilities, Weirdness & Mutations

You are too large for most types of armour.
You have tough skin. (AC +1)
Armour fits poorly on your strangely shaped body.
Your body sometimes deteriorates upon taking damage.
You occasionally shout uncontrollably at your foes.
Your spells are a little easier to cast, but a little less powerful.


Message History

A Hell Sentinel comes into view.
The Hell Sentinel roars!
An orange demon comes into view.
The orange demon screeches!
The Hell Sentinel gestures at you.
The sphere of damnation explodes!
The damnation engulfs you! The damnation engulfs your angel.
The Hell Sentinel gestures at you. The iron shot hits you!
* * * LOW HITPOINT WARNING * * *
The Hell Sentinel gestures at you.
The sphere of damnation explodes!
The damnation engulfs you!
* * * LOW HITPOINT WARNING * * *
The damnation engulfs your angel.
You hit the Hell Sentinel but do no damage.
You whack the Hell Sentinel!
The Hell Sentinel convulses.
The Hell Sentinel is lightly wounded.
The Hell Sentinel gestures at you.
The sphere of damnation explodes!
The damnation engulfs you!
You die...

▓.........................
▓.▓▓▓▓▓▓▓▓▓▓▓▓▓▓▓▓▓▓▓▓▓▓▓▓
▓).........'..............
▓▓▓▓▓▓▓▓▓▓▓▓▓▓▓▓▓▓▓▓▓▓▓▓▓▓
▓.)A................).....
▓.▓▓▓▓▓▓▓▓▓▓▓▓▓▓▓▓▓▓▓▓▓▓▓▓
▓.........'..........)..))
▓▓▓▓▓▓▓▓▓▓▓▓▓▓▓▓▓▓▓▓▓▓▓▓▓▓
▓......41@A..........)....
▓.▓▓▓▓▓▓▓▓▓▓▓▓▓▓▓▓▓▓▓▓▓▓▓▓
▓............'.........'..
▓▓▓▓▓▓▓▓▓▓▓▓▓▓▓▓▓▓▓▓▓▓▓▓▓▓
▓.........................
▓.▓▓▓▓▓▓▓▓▓▓▓▓▓▓▓▓▓▓▓▓▓▓▓▓
▓.........'...............
▓▓▓▓▓▓▓▓▓▓▓▓▓▓▓▓▓▓▓▓▓▓▓▓▓▓
▓.........................


You could see a Hell Sentinel, an orange demon and a friendly angel.

Vanquished Creatures
  A seraph (D)
  2 ancient liches (D)
  4 orbs of fire (D)
  3 pandemonium lords (D)
  Margery (D)
  2 golden dragons (D)
  Jory (D)
  4 electric golems (D)
  A Brimstone Fiend (D)
  A Tzitzimitl (D)
  2 Ice Fiends (D)
  24 Orb Guardians (D)
  2 quicksilver dragons (D)
  A sphinx (D)
  2 death cobs (D)
  Gastronok (D)
  Agnes (D)
  3 draconian monks (D)
  A nagaraja (D)
  A shadow dragon (D)
  Donald (D)
  3 balrugs (D)
  A draconian knight (D)
  A vault warden (D)
  Louise (D)
  2 emperor scorpions (D)
  A draconian stormcaller (D)
  2 draconian scorchers (D)
  2 draconian shifters (D)
  3 reapers (D)
  An ironheart preserver (D)
  A green draconian (D)
  A spark wasp (D)
  A red draconian (D)
  4 black draconians (D)
  4 white draconians (D)
  2 yellow draconians (D)
  3 purple draconians (D)
  A crystal guardian (D)
  2 merfolk impalers (D)
  Snorg (D)
  2 fire dragons (D)
  4 ogre magi (D)
  6 vault guards (D)
  2 rakshasas (D)
  4 ice dragons (D)
  A great orb of eyes (D)
  A naga warrior (D)
  3 hydras (D)
  2 merfolk avatars (D)
  Erica (D)
  2 merfolk aquamancers (D)
  A tengu warrior (D)
  4 soul eaters (D)
  8 sun demons (D)
  3 hell knights (D)
  3 sea snakes (D)
  4 sixfirhies (D)
  A torturous demonspawn (D)
  2 orc knights (D)
  A naga ritualist (D)
  A necromancer (D)
  A wolf spider (D)
  A manticore (D)
  4 moths of wrath (D)
  2 ugly things (D)
  2 cyclopes (D)
  3 guardian serpents (D)
  2 naga magi (D)
  A black mamba (D)
  A merfolk siren (D)
  Psyche (D)
  A rust devil (D)
  2 smoke demons (D)
  Joseph (D)
  2 orange demons (D)
  A vault sentinel (D)
  A rime drake (D)
  3 spiny frogs (D)
  A kobold demonologist (D)
  A yaktaur (D)
  A freezing wraith (D)
  2 demonic crawlers (D)
  2 red devils (D)
  An ice devil (D)
  3 jumping spiders (D)
  2 merfolk (D)
  5 hellwings (D)
  2 polar bears (D)
  A troll (D)
  2 slime creatures (D)
  4 hippogriffs (D)
  A snapping turtle (D)
  A redback (D)
  3 ynoxinuls (D)
  A fire bat (shapeshifter) (D)
  A fire elemental (D)
  A basilisk (D)
  2 chaos spawn (D)
  A neqoxec (D)
  2 nagas (D)
  An acid dragon (D)
  4 water moccasins (D)
  A porcupine (D)
  An eye of draining (D)
  2 swamp drakes (D)
  4 orc warriors (D)
  A black bear (D)
  A boggart (D)
  A crocodile (D)
  2 bullfrogs (D)
  A killer bee (D)
  A crimson imp (D)
  A quasit (D)
  A worker ant (D)
  An orc wizard (D)
  A small abomination (D)
  2 white imps (D)
  An ufetubus (D)
  An adder zombie (D)
  A dart slug (D)
  2 leopard geckos (D)
  4 orcs (D)
  2 ball pythons (D)
  A bat skeleton (D)
  A hobgoblin (D)
  A jackal (D)
  A kobold (D)
  A frilled lizard (D)
  2 giant cockroach zombies (D)
  A leopard gecko skeleton (D)
266 creatures vanquished.

Vanquished Creatures (collateral kills)
  3 ancient liches (D)
  2 pandemonium lords (D)
  A curse toe (D)
  Nikola (D)
  A Brimstone Fiend (D)
  2 Tzitzimimeh (D)
  An Ice Fiend (D)
  An electric golem (D)
  2 tentacled monstrosities (D)
  A Hell Sentinel (D)
  11 Orb Guardians (D)
  2 liches (D)
  Frances (D)
  2 sphinxes (D)
  Kirke (D)
  A storm dragon (D)
  7 shadow dragons (D)
  4 nagarajas (D)
  2 fire giants (D)
  Ilsuiw (D)
  3 frost giants (D)
  A daeva (D)
  3 ghost moths (D)
  3 emperor scorpions (D)
  Aizul (D)
  A draconian scorcher (D)
  A reaper (D)
  A spriggan defender (D)
  An ironheart preserver (D)
  2 entropy weavers (D)
  3 stone giants (D)
  Azrael (D)
  A green draconian (D)
  2 black draconians (D)
  A white draconian (D)
  2 purple draconians (D)
  An ettin (D)
  A blizzard demon (D)
  4 merfolk javelineers (D)
  2 great orbs of eyes (D)
  A merfolk impaler (D)
  2 yaktaur captains (D)
  4 fire dragons (D)
  6 hydras (D)
  An ice dragon (D)
  A rakshasa (D)
  19 vault guards (D)
  An anaconda (D)
  A centaur warrior (D)
  A naga warrior (D)
  2 merfolk aquamancers (D)
  An alligator (D)
  A deep troll earth mage (D)
  A shock serpent (shapeshifter) (D)
  5 orc high priests (D)
  Sonja (D)
  2 hell knights (D)
  A fire crab (shapeshifter) (D)
  A cherub (D)
  4 swamp dragons (D)
  A flayed ghost (D)
  A shambling mangrove (D)
  2 ironbrand convokers (D)
  A spriggan druid (D)
  6 orc knights (D)
  A harpy (D)
  A deep elf archer (D)
  A necromancer (D)
  4 wolf spiders (D)
  3 orc sorcerers (D)
  A cyclops (D)
  A black mamba (D)
  3 moths of wrath (D)
  A guardian serpent (D)
  A vault sentinel (D)
  2 naga magi (D)
  2 rust devils (D)
  A smoke demon (D)
  2 spiny frogs (D)
  2 freezing wraiths (D)
  3 yaktaurs (D)
  A red devil (D)
  An ice devil (D)
  A hellwing (D)
  A queen bee (shapeshifter) (D)
  A jumping spider (D)
  3 polar bears (D)
  A hornet (D)
  A tyrant leech (D)
  A snapping turtle (D)
  A shadow (D)
  2 tarantellas (D)
  3 fire elementals (D)
  2 hell hounds (D)
  2 nagas (D)
  8 orc warriors (D)
  3 black bears (D)
  A boggart (D)
  A centaur (D)
  A crimson imp (D)
  2 orc wizards (D)
  2 white imps (D)
  8 orcs (D)
  A giant cockroach simulacrum (D)
226 creatures vanquished.

Vanquished Creatures (others)
  A storm dragon (D)
  A spatial maelstrom (D)
  3 humans (D)
  A swamp drake (D)
6 creatures vanquished.

Grand Total: 498 creatures vanquished

Notes
Turn   | Place    | Note
-------+----------+-------------------------------------------
     0 | D        | raistware the Ogre Fighter began the quest for the Orb.
     0 | D        | Reached XP level 1. HP: 24/24 MP: 1/1
     9 | D        | Banished a spatial maelstrom
    18 | D        | Reached XP level 2. HP: 19/32 MP: 2/2
   164 | D        | Reached XP level 3. HP: 15/39 MP: 3/3
   176 | D        | Found a roughly hewn altar of Beogh.
   176 | D        | Found a snail-covered altar of Cheibriados.
   176 | D        | Found a shadowy altar of Dithmenos.
   176 | D        | Found a white marble altar of Elyvilon.
   176 | D        | Found a blossoming altar of Fedhas.
   176 | D        | Found an opulent altar of Gozag.
   177 | D        | Found a hazy altar of Hepliaklqana.
   178 | D        | Found a viscous altar of Jiyva.
   179 | D        | Found an ancient bone altar of Kikubaaqudgha.
   180 | D        | Found a corrupted altar of Lugonu.
   181 | D        | Found a burning altar of Makhleb.
   182 | D        | Found a sparkling altar of Nemelex Xobeh.
   183 | D        | Found an iron altar of Okawaru.
   184 | D        | Found a stormy altar of Qazlal.
   185 | D        | Found a sacrificial altar of Ru.
   186 | D        | Found a deep blue altar of Sif Muna.
   187 | D        | Found a bloodstained altar of Trog.
   188 | D        | Found a hide-covered altar of Uskayaw.
   189 | D        | Found a radiant altar of Vehumet.
   190 | D        | Found an ornate altar of the Wu Jian Council.
   191 | D        | Found a shimmering altar of Xom.
   192 | D        | Found a basalt altar of Yredelemnul.
   193 | D        | Found a glowing silver altar of Zin.
   194 | D        | Found a glowing golden altar of the Shining One.
   202 | D        | Became a worshipper of the Shining One
   212 | D        | Got the +2 dire flail of Vuypn {protect, Str+2}
   359 | D        | Noticed a water moccasin
   359 | D        | Reached * piety under the Shining One
   359 | D        | Noticed a killer bee
   359 | D        | Noticed a troll
   364 | D        | Killed a troll
   364 | D        | Reached XP level 4. HP: 13/48 MP: 4/4
   364 | D        | Reached XP level 5. HP: 15/54 MP: 5/5
   364 | D        | Reached XP level 6. HP: 17/62 MP: 6/6
   375 | D        | Reached ** piety under the Shining One
   389 | D        | Killed a water moccasin
   389 | D        | Reached skill level 10 in Maces & Flails
   489 | D        | Noticed a kobold demonologist
   489 | D        | Noticed a green ugly thing
   489 | D        | Reached *** piety under the Shining One
   489 | D        | Noticed a white ugly thing
   489 | D        | Noticed an orc warrior
   489 | D        | Noticed a manticore
   489 | D        | Noticed a seven-headed hydra
   501 | D        | Killed a seven-headed hydra
   501 | D        | Reached skill level 10 in Dodging
   501 | D        | Reached XP level 7. HP: 42/70 MP: 6/11
   501 | D        | Reached XP level 8. HP: 47/78 MP: 6/12
   502 | D        | Killed a manticore
   516 | D        | Noticed a soul eater
   517 | D        | Noticed an orange demon
   527 | D        | Killed a purple ugly thing
   527 | D        | Reached XP level 9. HP: 54/84 MP: 5/15
   536 | D        | Killed a purple ugly thing
   556 | D        | Killed a kobold demonologist
   556 | D        | Reached **** piety under the Shining One
   556 | D        | Reached skill level 5 in Fighting
   623 | D        | Noticed Gastronok
   648 | D        | Killed Gastronok
   648 | D        | Reached XP level 10. HP: 57/109 MP: 3/17
   758 | D        | Noticed a spiny frog
   758 | D        | Noticed a black mamba
   758 | D        | Noticed a spiny frog
   760 | D        | Reached ***** piety under the Shining One
   765 | D        | Noticed a four-headed hydra
   769 | D        | Killed a spiny frog
   769 | D        | Reached skill level 10 in Fighting
   770 | D        | Noticed a spiny frog
   784 | D        | Killed a black mamba
   792 | D        | Killed a spiny frog
   800 | D        | Reached skill level 10 in Invocations
   813 | D        | Killed a four-headed hydra
   819 | D        | Killed a spiny frog
   924 | D        | Reached XP level 11. HP: 121/124 MP: 19/19
   930 | D        | Reached skill level 1 in Armour
  1121 | D        | Noticed Erica
  1139 | D        | Killed Erica
  1174 | D        | Noticed Sonja
  1174 | D        | Reached ****** piety under the Shining One
  1180 | D        | Killed Sonja
  1223 | D        | Noticed an orc knight
  1235 | D        | Noticed an orc knight
  1252 | D        | Killed an orc knight
  1261 | D        | Killed an orc knight
  1291 | D        | Noticed an orc knight
  1295 | D        | Noticed an orc knight
  1305 | D        | Killed an orc knight
  1305 | D        | Reached skill level 5 in Armour
  1316 | D        | Killed an orc knight
  1316 | D        | Reached skill level 15 in Maces & Flails
  1363 | D        | Reached skill level 15 in Dodging
  1377 | D        | Found Motyu's Gadget Boutique.
  1377 | D        | Noticed an orc high priest
  1377 | D        | Noticed an orc sorcerer
  1377 | D        | Noticed an orc high priest
  1378 | D        | Noticed an orc knight
  1384 | D        | Noticed a sun demon
  1384 | D        | Killed an orc high priest
  1387 | D        | Killed an orc sorcerer
  1392 | D        | Killed an orc high priest
  1396 | D        | Noticed an orc high priest
  1398 | D        | Killed an orc knight
  1400 | D        | Noticed an orc high priest
  1402 | D        | Killed an orc high priest
  1402 | D        | Reached skill level 15 in Fighting
  1405 | D        | Killed an orc high priest
  1413 | D        | Found Woir's Distillery.
  1422 | D        | Found Uwo Qai's Book Boutique.
  1428 | D        | Found Muovejai's Food Shop.
  1430 | D        | Noticed an orc knight
  1433 | D        | Noticed an orc sorcerer
  1439 | D        | Killed an orc knight
  1446 | D        | Killed an orc sorcerer
  1446 | D        | Reached XP level 12. HP: 109/143 MP: 20/20
  1449 | D        | Noticed an orc high priest
  1451 | D        | Bought a potion of berserk rage for 50 gold pieces
  1451 | D        | Bought a potion of lignification for 30 gold pieces
  1451 | D        | Bought a potion of heal wounds for 50 gold pieces
  1451 | D        | Bought a potion of berserk rage for 50 gold pieces
  1451 | D        | Bought a potion of resistance for 100 gold pieces
  1451 | D        | Bought a potion of lignification for 30 gold pieces
  1451 | D        | Bought a potion of curing for 30 gold pieces
  1451 | D        | Bought a potion of haste for 100 gold pieces
  1453 | D        | Killed an orc high priest
  1468 | D        | Bought a book of Party Tricks for 650 gold pieces
  1470 | D        | Learned a level 1 spell: Summon Butterflies
  1499 | D        | Noticed Psyche
  1507 | D        | Killed Psyche
  1507 | D        | Reached skill level 1 in Spellcasting
  1514 | D        | Noticed Joseph
  1528 | D        | Killed Joseph
  1528 | D        | Reached skill level 1 in Summonings
  1594 | D        | Got the +7 flail of Nopnuchu {flame, rPois rC+}
  1649 | D        | Noticed a fire dragon
  1654 | D        | Noticed a fire dragon
  1674 | D        | Killed a fire dragon
  1676 | D        | Noticed an ice dragon
  1684 | D        | Noticed a rakshasa
  1719 | D        | Killed a fire dragon
  1850 | D        | Killed an ice dragon
  1903 | D        | Killed a rakshasa
  1997 | D        | Noticed an ogre mage
  2008 | D        | Killed an ogre mage
  2009 | D        | Noticed a sphinx
  2019 | D        | Paralysed by a sphinx for 5 turns
  2026 | D        | Paralysed by a sphinx for 4 turns
  2034 | D        | Killed a sphinx
  2070 | D        | Noticed Frances
  2071 | D        | Noticed a soul eater
  2090 | D        | Killed Frances
  2113 | D        | Noticed Aizul
  2125 | D        | Killed Aizul
  2190 | D        | Noticed a merfolk avatar
  2209 | D        | Reached XP level 13. HP: 93/158 MP: 21/21
  2361 | D        | Reached skill level 10 in Armour
  2412 | D        | Noticed a nagaraja
  2429 | D        | Killed a nagaraja
  2520 | D        | Reached skill level 5 in Summonings
  2677 | D        | Noticed Azrael
  2688 | D        | Reached skill level 5 in Spellcasting
  2701 | D        | Killed Azrael
  2796 | D        | Noticed a sphinx
  2796 | D        | Noticed a frost giant
  2796 | D        | Noticed a rakshasa
  2796 | D        | Noticed a fire dragon
  2809 | D        | Killed a fire dragon
  2811 | D        | Killed a rakshasa
  2823 | D        | Killed a frost giant
  2828 | D        | Noticed a fire giant
  2834 | D        | Killed a sphinx
  2853 | D        | Killed a fire giant
  2879 | D        | Noticed an ice dragon
  2892 | D        | Killed an ice dragon
  2910 | D        | Noticed a frost giant
  2923 | D        | Killed a frost giant
  2943 | D        | Noticed a great orb of eyes
  2945 | D        | Paralysed by a great orb of eyes for 5 turns
  2952 | D        | Killed a great orb of eyes
  2957 | D        | Noticed a fire dragon
  2960 | D        | Noticed a rakshasa
  2979 | D        | Killed a fire dragon
  3000 | D        | Killed a rakshasa
  3024 | D        | Noticed a vault warden
  3024 | D        | Noticed an ironheart preserver
  3026 | D        | Reached XP level 14. HP: 176/176 MP: 15/23
  3047 | D        | Killed a vault warden
  3051 | D        | Killed an ironheart preserver
  3059 | D        | Noticed Kirke
  3067 | D        | Killed Kirke
  3110 | D        | Noticed a sphinx
  3114 | D        | Noticed a stone giant
  3127 | D        | Killed a sphinx
  3137 | D        | Killed a stone giant
  3140 | D        | Noticed a lich
  3147 | D        | Killed a lich
  3149 | D        | Noticed a frost giant
  3163 | D        | Killed a frost giant
  3285 | D        | Noticed Agnes
  3300 | D        | Killed Agnes
  3373 | D        | Noticed Donald
  3394 | D        | Killed Donald
  3510 | D        | Noticed an emperor scorpion
  3528 | D        | Killed an emperor scorpion
  3533 | D        | Found the +8 demon blade "Leech" {vamp, rN+ AC-3 EV-3}
  3683 | D        | Noticed Margery
  3705 | D        | Killed Margery
  3966 | D        | Reached skill level 15 in Invocations
  3985 | D        | Got a decaying rune of Zot
  3994 | D        | Noticed Ilsuiw
  4011 | D        | Killed Ilsuiw
  4011 | D        | Reached skill level 10 in Summonings
  4011 | D        | Reached XP level 15. HP: 187/189 MP: 19/26
  4094 | D        | Got a barnacled rune of Zot
  4239 | D        | Noticed a nagaraja
  4251 | D        | Noticed a nagaraja
  4252 | D        | Killed a nagaraja
  4267 | D        | Killed a nagaraja
  4282 | D        | Noticed a nagaraja
  4295 | D        | Killed a nagaraja
  4313 | D        | Noticed a nagaraja
  4317 | D        | Got a serpentine rune of Zot
  4327 | D        | Killed a nagaraja
  4366 | D        | Noticed an emperor scorpion
  4366 | D        | Noticed an emperor scorpion
  4366 | D        | Noticed a ghost moth
  4374 | D        | Killed a ghost moth
  4392 | D        | Killed an emperor scorpion
  4419 | D        | Killed an emperor scorpion
  4422 | D        | Noticed an emperor scorpion
  4428 | D        | Noticed a ghost moth
  4440 | D        | Killed an emperor scorpion
  4444 | D        | Killed a ghost moth
  4528 | D        | Noticed an emperor scorpion
  4533 | D        | Got a gossamer rune of Zot
  4550 | D        | Killed an emperor scorpion
  4761 | D        | Reached skill level 15 in Armour
  4894 | D        | Noticed a lich
  4912 | D        | Killed a lich
  4928 | D        | Reached XP level 16. HP: 172/208 MP: 28/28
  4945 | D        | Noticed a shadow dragon
  4954 | D        | Noticed a shadow dragon
  4976 | D        | Killed a shadow dragon
  4990 | D        | Killed a shadow dragon
  5072 | D        | Noticed a shadow dragon
  5072 | D        | Noticed a shadow dragon
  5072 | D        | Noticed an ancient lich
  5072 | D        | Noticed a storm dragon
  5072 | D        | Noticed a shadow dragon
  5073 | D        | Noticed an ancient lich
  5085 | D        | Noticed a shadow dragon
  5092 | D        | Killed an ancient lich
  5106 | D        | Killed an ancient lich
  5110 | D        | Killed a shadow dragon
  5127 | D        | Killed a shadow dragon
  5143 | D        | Killed a shadow dragon
  5168 | D        | Killed a shadow dragon
  5187 | D        | Killed a storm dragon
  5199 | D        | Noticed an ancient lich
  5212 | D        | Killed an ancient lich
  5224 | D        | Got a silver rune of Zot
  5366 | D        | Noticed Nikola
  5379 | D        | Killed Nikola
  5449 | D        | Noticed Jory
  5463 | D        | Killed Jory
  5477 | D        | Got the amulet "Tiyhuren" {Harm *Drain Dex+5}
  5479 | D        | Got the ring of Joeweidu {rC+ MR+ SInv}
  5481 | D        | Got the ring of Wiecsucw {Wiz +Blink rElec rPois}
  5483 | D        | Got the ring "Axaubbuu" {rPois rN+ Str+3 Stlth+}
  5485 | D        | Got the ring "Feohiheo" {AC+3 Int+3}
  5562 | D        | Identified a +7 sacred scourge of holy wrath (a +5 demon whip of draining blessed by the Shining One)
  5562 | D        | Received a gift from the Shining One
  5587 | D        | Noticed Snorg
  5595 | D        | Killed Snorg
  5711 | D        | Noticed Louise
  5722 | D        | Killed Louise
  5722 | D        | Reached skill level 1 in Throwing
  5845 | D        | Noticed a storm dragon
  5874 | D        | Killed a storm dragon
  5877 | D        | Reached skill level 5 in Shields
  5899 | D        | Reached skill level 5 in Throwing
  5935 | D        | Reached XP level 17. HP: 171/224 MP: 10/31
  6410 | D        | Noticed an electric golem
  6410 | D        | Noticed an orb of fire
  6410 | D        | Noticed a quicksilver dragon
  6416 | D        | Gained mutation: Your body sometimes deteriorates upon taking damage. [an orb of fire]
  6418 | D        | Noticed a golden dragon
  6434 | D        | Gained mutation: You occasionally shout uncontrollably at your foes. [an orb of fire]
  6437 | D        | Killed an orb of fire
  6437 | D        | Reached skill level 27 in Fighting
  6438 | D        | Noticed a curse toe
  6446 | D        | Killed a quicksilver dragon
  6456 | D        | Killed a golden dragon
  6465 | D        | Killed a curse toe
  6488 | D        | Killed an electric golem
  6733 | D        | Noticed a tentacled monstrosity
  6751 | D        | Killed a tentacled monstrosity
  6758 | D        | Reached skill level 10 in Throwing
  6779 | D        | Reached skill level 10 in Shields
  6857 | D        | Noticed a quicksilver dragon
  6857 | D        | Noticed a death cob
  6872 | D        | Killed a death cob
  6887 | D        | Killed a quicksilver dragon
  7049 | D        | Noticed an Orb Guardian
  7049 | D        | Noticed an Orb Guardian
  7049 | D        | Noticed an Orb Guardian
  7049 | D        | Noticed an Orb Guardian
  7049 | D        | Noticed an Orb Guardian
  7049 | D        | Noticed an Orb Guardian
  7060 | D        | Killed an Orb Guardian
  7069 | D        | Killed an Orb Guardian
  7089 | D        | Killed an Orb Guardian
  7102 | D        | Killed an Orb Guardian
  7108 | D        | Killed an Orb Guardian
  7115 | D        | Killed an Orb Guardian
  7203 | D        | Noticed an Orb Guardian
  7209 | D        | Killed an Orb Guardian
  7210 | D        | Noticed an Orb Guardian
  7214 | D        | Killed an Orb Guardian
  7214 | D        | Reached XP level 18. HP: 202/236 MP: 33/33
  7215 | D        | Noticed an Orb Guardian
  7216 | D        | Noticed an Orb Guardian
  7221 | D        | Killed an Orb Guardian
  7226 | D        | Killed an Orb Guardian
  7252 | D        | Noticed a tentacled monstrosity
  7252 | D        | Noticed an Orb Guardian
  7252 | D        | Noticed an Orb Guardian
  7258 | D        | Noticed an Orb Guardian
  7260 | D        | Noticed an Orb Guardian
  7263 | D        | Killed an Orb Guardian
  7268 | D        | Killed a tentacled monstrosity
  7273 | D        | Killed an Orb Guardian
  7283 | D        | Killed an Orb Guardian
  7296 | D        | Killed an Orb Guardian
  7387 | D        | Noticed an ancient lich
  7394 | D        | Killed an ancient lich
  7394 | D        | Reached skill level 15 in Throwing
  7571 | D        | Noticed an orb of fire
  7577 | D        | Gained mutation: Armour fits poorly on your strangely shaped body. [an orb of fire]
  7592 | D        | Killed an orb of fire
  7592 | D        | Reached skill level 15 in Shields
  7613 | D        | Noticed an electric golem
  7636 | D        | Killed an electric golem
  7865 | D        | Noticed an electric golem
  7865 | D        | Noticed a golden dragon
  7865 | D        | Noticed an orb of fire
  7865 | D        | Noticed an electric golem
  7865 | D        | Noticed an Orb Guardian
  7869 | D        | Killed an Orb Guardian
  7879 | D        | Noticed an orb of fire
  7895 | D        | Killed an orb of fire
  7907 | D        | Killed an electric golem
  7934 | D        | Killed an orb of fire
  8256 | D        | Noticed an Orb Guardian
  8263 | D        | Killed a golden dragon
  8281 | D        | Reached XP level 19. HP: 129/245 MP: 8/34
  8461 | D        | Killed an electric golem
  8470 | D        | Noticed an electric golem
  8496 | D        | Killed an electric golem
  9132 | D        | Got the Orb of Zot
  9320 | D        | Noticed a Tzitzimitl
  9333 | D        | Killed a Tzitzimitl
  9525 | D        | Noticed a seraph
  9566 | D        | Killed a seraph
  9566 | D        | Reached skill level 27 in Dodging
  9602 | D        | Reached skill level 1 in Evocations
  9657 | D        | Noticed a Brimstone Fiend
  9669 | D        | Killed a Brimstone Fiend
  9731 | D        | Noticed an ancient lich
  9742 | D        | Killed an ancient lich
  9751 | D        | Noticed Ujugiska the pandemonium lord
  9779 | D        | Reached skill level 5 in Evocations
  9818 | D        | Noticed Viroine the pandemonium lord
  9827 | D        | Killed Viroine the pandemonium lord
  9827 | D        | Reached skill level 10 in Spellcasting
  9837 | D        | Noticed an Ice Fiend
  9846 | D        | Killed an Ice Fiend
  9846 | D        | Reached skill level 1 in Stealth
  9877 | D        | Noticed Biruikabo the pandemonium lord
  9892 | D        | Killed Biruikabo the pandemonium lord
  9929 | D        | Reached XP level 20. HP: 191/256 MP: 36/36
  9991 | D        | Noticed a Brimstone Fiend
  9998 | D        | Killed a Brimstone Fiend
 10021 | D        | Noticed a Tzitzimitl
 10035 | D        | Killed a Tzitzimitl
 10111 | D        | Reached skill level 5 in Stealth
 10195 | D        | Noticed Iprir the pandemonium lord
 10203 | D        | Killed Iprir the pandemonium lord
 10298 | D        | Gained mutation: Your spells are a little easier to cast, but a little less powerful. [a neqoxec]
 10375 | D        | Noticed Wosm the pandemonium lord
 10403 | D        | Killed Wosm the pandemonium lord
 10403 | D        | Reached skill level 10 in Evocations
 10437 | D        | Noticed Anweq the pandemonium lord
 10449 | D        | Noticed a Tzitzimitl
 10474 | D        | Killed Anweq the pandemonium lord
 10504 | D        | Killed a Tzitzimitl
 10586 | D        | Killed from afar by a Hell Sentinel

Vault maps used:
D:        linesprint

Skill      XL: |  1  2  3  4  5  6  7  8  9 10 11 12 13 14 15 16 17 18 19 20 |
---------------+-------------------------------------------------------------+-----
Maces & Flails | 4 6 9 11 12 13 14 15 16 17 19 20 21 22 | 22.4
Dodging        | 7 10 11 12 14 15 16 18 19 20 22 23 25 27 | 27.0
Invocations    | 6 8 9 10 11 12 15 17 20 22 23 24 25 | 25.5
Fighting       | 9 12 15 17 20 22 24 26 27 | 27.0
Armour         | 6 9 11 13 15 17 19 21 23 24 | 24.7
Spellcasting   | 4 6 11 14 | 14.9
Summonings     | 4 6 10 | 10.0
Throwing       | 5 12 18 20 | 20.8
Shields        | 5 12 17 19 21 | 21.1
Evocations     | 7 11 | 11.0
Stealth        | 3 9 |  9.2

Action                   |  1- 3 |  4- 6 |  7- 9 | 10-12 | 13-15 | 16-18 | 19-21 || total
-------------------------+-------+-------+-------+-------+-------+-------+-------++-------
Melee: Flail             |    41 |    32 |    53 |   313 |   291 |    50 |       ||   780
       Sacred scourge    |       |       |       |       |       |   377 |   325 ||   702
Throw: Javelin           |       |       |       |       |       |    14 |       ||    14
 Cast: Summon Butterflie |       |       |       |       |     1 |     1 |       ||     2
Invok: Divine Shield     |       |       |     1 |     1 |     1 |     1 |       ||     4
       Cleansing Flame   |       |       |     3 |       |     5 |     7 |       ||    15
       Summon Divine War |       |       |       |    11 |    32 |    40 |    29 ||   112
       Brand Weapon With |       |       |       |       |       |     1 |       ||     1
Evoke: Wand              |       |     4 |     6 |       |       |       |       ||    10
  Use: Potion            |     2 |     2 |       |     3 |     4 |    20 |    12 ||    43
       Scroll            |       |     1 |       |       |       |    11 |     4 ||    16
  Eat: Chunk             |       |       |       |     4 |    10 |    14 |       ||    28
       Ration            |       |       |       |     1 |     2 |     2 |     4 ||     9
Armor: Robe              |     8 |     6 |       |       |       |       |       ||    14
       Troll leather arm |       |     2 |     1 |    49 |    37 |     9 |       ||    98
       Ice dragon scales |       |       |       |    25 |       |       |       ||    25
       Gold dragon scale |       |       |       |       |       |   120 |    38 ||   158
Dodge: Dodged            |    10 |    19 |     7 |   108 |   123 |   150 |    58 ||   475
Block: Shield            |    20 |    14 |    14 |   145 |    90 |   120 |    36 ||   439
       Large shield      |       |       |       |       |       |       |   133 ||   133

Table legend:
 A = Spawn XP
 B = Non-spawn XP
 C = Spawn XP percentage of total XP
 D = Spawn monster count
 E = Non-spawn monster count
 F = Spawn count percentage of total count
 G = Total turns spent on level
                    A         B        C        D         E        F      G
               +---------+---------+-------+---------+---------+-------+---------
         Total |       0 |  352719 |   0.0 |       0 |     408 |   0.0 | 10586
               +---------+---------+-------+---------+---------+-------+---------
             D |       0 |  352719 |   0.0 |       0 |     408 |   0.0 | 10586
               +---------+---------+-------+---------+---------+-------+---------
